Map: Dusk Towers

Players

juhyg

  • Race: Zerg Zerg
  • League: Bronze

A.I. 1 (Hard) - Winner!

  • Race: Protoss Protoss

VOD

Have the link to the VOD?

Description

Time

  • Played on: Feb. 6, 2016, 2:14 a.m.
  • Length: 7:20
Show
View Real Time Build Order
Export as new Build Order

juhyg Zerg 

Build Orders: Pool First 

Get SALT Encoding   

  12  0:19  Spawning Pool  
  11  0:22  Drone  
  11  0:26  Drone  
  13  0:31  Drone  
  14  0:44  Overlord  
  14  1:07  Zergling x2  
  14  1:08  Zergling x4, Queen  
  19  1:13  Extractor  
  18  1:20  Drone  
  19  1:42  Zergling x4  
  21  1:53  Overlord  
  19  2:29  Zergling x8  
  22  2:30  Zergling x2  
  22  2:50  Zergling x4  
  23  3:01  Zergling x6  
  23  3:03  Zergling x2  
  27  3:17  Zergling x2  
  28  3:20  Metabolic Boost  
  28  3:24  Zergling x2  
  24  3:43  Zergling x8  
  28  3:58  Zergling x2  
  29  4:07  Overlord  
  29  4:16  Zergling x2  
  30  4:22  Overlord x3  
  18  4:50  Zergling x6  
  18  4:51  Zergling x2  
  21  4:56  Zergling x4  
  23  5:09  Zergling x2  
  24  5:14  Hatchery  
  23  5:22  Zergling x8  
  27  5:33  Zergling x2  
  28  5:48  Zergling x2  
  29  5:55  Zergling x6  
  29  6:17  Zergling x4  
  21  6:26  Roach Warren  
  21  6:30  Extractor  
  21  6:31  Drone  
  21  6:32  Drone x2  
  22  6:36  Drone  
  23  6:52  Drone  
  23  6:53  Drone x3  
  27  7:01  Drone x2  
Show
View Real Time Build Order
Export as new Build Order

A.I. 1 (Hard) Protoss - Winner!

Build Orders:  

Get SALT Encoding   

  12  0:01  Probe (Chrono Boost)  
  13  0:11  Probe (Chrono Boost)  
  14  0:20  Pylon  
  14  0:22  Probe (Chrono Boost)  
  15  0:38  Probe (Chrono Boost)  
  16  0:47  Assimilator  
  16  0:49  Gateway, Probe (Chrono Boost)  
  17  0:59  Probe (Chrono Boost)  
  17  1:00  Pylon  
  18  1:10  Probe (Chrono Boost)  
  19  1:21  Probe (Chrono Boost)  
  20  1:34  Zealot  
  20  1:39  Gateway  
  22  1:41  Cybernetics Core  
  22  1:45  Assimilator  
  22  1:58  Pylon  
  22  2:14  Zealot  
  20  2:22  Probe (Chrono Boost)  
  21  2:28  Adept  
  20  2:33  Probe (Chrono Boost)  
  21  2:41  Stalker  
  21  2:42  Warp Gate  
  24  2:45  Probe (Chrono Boost)  
  22  2:55  Adept  
  22  2:57  Probe (Chrono Boost)  
  25  3:11  Zealot  
  25  3:12  Probe (Chrono Boost)  
  28  3:22  Zealot  
  30  3:31  Probe (Chrono Boost)  
  29  3:35  Pylon  
  29  3:37  Adept  
  31  3:45  Probe (Chrono Boost)  
  32  3:50  Adept  
  34  4:03  Adept  
  36  4:16  Adept  
  38  4:26  Pylon  
  38  4:30  Adept  
  39  4:31  Probe (Chrono Boost)  
  41  4:42  Probe (Chrono Boost)  
  40  4:53  Stalker  
  40  4:54  Probe (Chrono Boost)  
  43  5:02  Forge  
  43  5:05  Probe (Chrono Boost)  
  44  5:07  Zealot  
  46  5:17  Probe (Chrono Boost)  
  47  5:27  Probe (Chrono Boost)  
  47  6:12  Probe (Chrono Boost)  
  47  6:13  Zealot  
  44  6:23  Zealot  
  46  6:25  Gateway  
  46  6:29  Pylon  
  46  6:30  Nexus  
  46  6:34  Stalker  
  48  6:45  Sentry  
  50  6:56  Zealot  
  52  7:06  Pylon  
  52  7:07  Zealot  
  52  7:18  Stalker  
Tags
 
Add a new tag
Caveats
  • Supply blocks, unpowered buildings, or Contaminate may cause inaccurate times.
  • Supply counts are checked every 10 seconds.